 Dungeon Crawl Stone Soup version 0.20-b1 (webtiles) character file.

300 inmateoo the Magician (level 6, -1/41 HPs)
             Began as a Mummy Venom Mage on May 18, 2017.
             Was a Follower of Trog.
             Slain by an orc wizard
             ... wielding a +2 dagger of holy wrath
              (2 damage)
             ... on level 4 of the Dungeon.
             The game lasted 00:09:22 (3373 turns).

inmateoo the Magician (Mummy Venom Mage)            Turns: 3373, Time: 00:09:23

Health: -1/41      AC:  9    Str: 12    XL:     6   Next: 13%
Magic:  12/12      EV: 11    Int: 15    God:    Trog [*.....]
Gold:   221        SH:  0    Dex: 13    Spells: 3/13 levels left

rFire    x . .     SeeInvis .   q - +0 war axe
rCold    + . .     Gourm    .   (no shield)
rNeg     + + +     Faith    .   m - +0 ring mail
rPois    ∞         Spirit   .   (no helmet)
rElec    .         Reflect  .   j - scarf {repulsion}
rCorr    .         Harm     .   (no gloves)
MR       .....                  i - +0 pair of boots
Stlth    +.........             (no amulet)
Regen    0.2/turn               n - +3 ring of protection
MPRegen  0.2/turn               (no ring)

@: repel missiles
A: no food or potions, fire vulnerability, cold resistance 1, negative energy
resistance 3, torment resistance, unbreathing
a: Burn Spellbooks, Renounce Religion


You were on level 4 of the Dungeon.
You worshipped Trog.
Trog was aware of your devotion.
You were not hungry.

You visited 1 branch of the dungeon, and saw 4 of its levels.

You collected 221 gold pieces.

Inventory:

Hand Weapons
 l - a +0 mace
 p - a +0 battleaxe
 q - a +0 war axe (weapon)
 r - a +0 rapier
Missiles
 c - 28 poisoned needles
 d - 93 stones (quivered)
Armour
 i - a +0 pair of boots (worn)
 j - a scarf of repulsion (worn)
 m - a +0 ring mail (worn)
Jewellery
 n - a +3 ring of protection (left hand)
Scrolls
 f - 2 scrolls of teleportation
 g - a scroll of fog
 h - 6 scrolls of identify
 k - 2 scrolls of magic mapping


   Skills:
 * Level 1.3 Axes
 - Level 2.3 Dodging
 - Level 2.5 Stealth
 - Level 4.1 Spellcasting
 - Level 1.2 Conjurations
 - Level 1.0 Summonings
 - Level 3.8 Poison Magic


You had 3 spell levels left.
You knew the following spells:

 Your Spells              Type           Power        Failure   Level  Hunger
a - Sting                 Conj/Pois      ##..         14%         1    N/A
b - Poisonous Vapours     Pois/Air       #.....       28%         2    N/A
c - Call Imp              Summ           #.......     38%         2    N/A
d - Blink                 Tloc           N/A          52%         2    N/A
e - Mephitic Cloud        Conj/Pois/Air  #.......     52%         3    N/A

Dungeon Overview and Level Annotations

Branches:
Dungeon (4/15)
 Temple: D:4-7

Altars:
Trog


Innate Abilities, Weirdness & Mutations

You do not eat or drink.
Your flesh is vulnerable to fire.
You are immune to poison.
Your flesh is cold resistant. (rC+)
You are immune to negative energy. (rN+++)
You are immune to unholy pain and torment.
You can survive without breathing.


Message History

You convulse.
* * * LOW HITPOINT WARNING * * *
You closely miss something. Something hits you but does no damage.
You barely miss something. Something hits you but does no damage.
Something hits you.
* * * LOW HITPOINT WARNING * * *
You convulse.
* * * LOW HITPOINT WARNING * * *
You barely miss something.
You hear some strange, mumbled words.
Something tries to affect you, but you resist.
You closely miss something. Something hits you but does no damage.
Something completely misses you.
You closely miss something. Something hits you but does no damage.
You miss something. Something hits you but does no damage.
You barely miss something. Something hits you but does no damage.
Something hits you.
* * * LOW HITPOINT WARNING * * *
You convulse.
You die...

.. ###..# ... .# #
#.# .# ##.
##.##.####.
##...##..........
#....†(........#
#...%.#{#..#####
#....b#@#..#
##$..##.#..#
##.###.#.(#######.#
####.......>......
###.#.#...########
#######.#.#.#.%.#
#.........#.#...#
#.#####.....#...#
#<....##...#


There were no monsters in sight!

Vanquished Creatures
  A vampire bat (D:4)
  A hound (D:3)
  An orc priest (D:3)
  6 adders
  An ooze (D:3)
  3 worms
  A dart slug (D:3)
  3 leopard geckos
  5 orcs
  A ball python (D:1)
  3 giant cockroaches
  5 goblins
  10 hobgoblins
  6 kobolds
  13 bats
  3 frilled lizards (D:1)
  12 rats
75 creatures vanquished.

Vanquished Creatures (collateral kills)
  The ghost of dvd the Sneak, an amateur VSEn (D:3)
  An orc wizard (D:3)
  An ooze (D:2)
  3 orcs (D:3)
6 creatures vanquished.

Grand Total: 81 creatures vanquished

Notes
Turn   | Place    | Note
-------+----------+-------------------------------------------
     0 | D:1      | inmateoo the Mummy Venom Mage began the quest for the Orb.
     0 | D:1      | Reached XP level 1. HP: 13/13 MP: 4/4
   241 | D:1      | Reached XP level 2. HP: 8/19 MP: 0/5
   366 | D:1      | Reached skill level 1 in Conjurations
   396 | D:1      | Learned a level 2 spell: Poisonous Vapours
   633 | D:1      | Reached skill level 3 in Spellcasting
   822 | D:2      | Reached XP level 3. HP: 6/24 MP: 0/7
  1792 | D:2      | Reached XP level 4. HP: 27/30 MP: 0/9
  2005 | D:2      | Learned a level 2 spell: Call Imp
  2008 | D:2      | Learned a level 2 spell: Blink
  2432 | D:2      | Reached XP level 5. HP: 35/35 MP: 4/10
  2542 | D:3      | Learned a level 3 spell: Mephitic Cloud
  2582 | D:3      | Noticed dvd's ghost (amateur VSEn)
  2600 | D:3      | Killed dvd's ghost
  2877 | D:3      | Reached skill level 4 in Spellcasting
  2877 | D:3      | Reached skill level 1 in Summonings
  2969 | D:3      | Found a faded altar of an unknown god.
  3008 | D:3      | Became a worshipper of Trog the Wrathful
  3008 | D:3      | Reached * piety under Trog
  3297 | D:4      | Reached skill level 1 in Axes
  3297 | D:4      | Reached XP level 6. HP: 38/41 MP: 12/12
  3373 | D:4      | HP: 1/41 [something (3)]
  3373 | D:4      | Slain by an orc wizard

Skill      XL: |  1  2  3  4  5 |
---------------+----------------+-----
Conjurations   | 1 |  1.2
Spellcasting   | 3 4 |  4.1
Stealth        | 2 |  2.5
Poison Magic   | 3 |  3.8
Dodging        | 2 |  2.3
Summonings     | 1 |  1.0
Axes           | 1 |  1.3

Action                   |  1- 3 |  4- 6 || total
-------------------------+-------+-------++-------
Melee: Unarmed           |    12 |       ||    12
       Club              |    38 |       ||    38
       Mace              |       |    42 ||    42
       Rapier            |       |    72 ||    72
       War axe           |       |     7 ||     7
 Cast: Sting             |    90 |    30 ||   120
       Poisonous Vapours |     3 |    14 ||    17
       Call Imp          |       |     9 ||     9
Invok: Burn Spellbooks   |       |     1 ||     1
  Use: Scroll            |     3 |     4 ||     7
 Stab: Sleeping          |       |     1 ||     1
Armor: Robe              |    32 |     8 ||    40
       Ring mail         |       |    88 ||    88
Dodge: Dodged            |    81 |   138 ||   219
       Deflected         |       |     3 ||     3
